 Dungeon Crawl Stone Soup version 0.32-a0-928-g1cae6b7ea0 (webtiles) character file.

Game seed: 14681526694305059380

27 TheTpDoctor the Poker (level 2, 0/22 HPs)
             Began as a Demonspawn Gladiator on Apr 12, 2024.
             Was a Plaything of Xom.
             Succumbed to an adder's poison
             ... on level 2 of the Dungeon.
             The game lasted 00:05:03 (1037 turns).

TheTpDoctor the Poker (Demonspawn Gladiator)        Turns: 1037, Time: 00:05:04

Health: 0/22       AC:  5    Str: 12 (14) XL:     2   Next: 93%
Magic:  2/2        EV: 11    Int:  5 (8)  God:    Xom [..*...]
Gold:   22         SH:  0    Dex: 11 (14) Spells: 1/1 levels left

rFire   . . .        j - staff of fire
rCold   + . .        (no shield)
rNeg    . . .        b - +0 leather armour
rPois   .            c - +0 helmet
rElec   .            (no cloak)
rCorr   .            (no gloves)
SInv    .            g - +0 pair of boots
Will    .....        (no amulet)
Stlth   +            h - ring of ice
HPRegen 0.23/turn    (no ring)
MPRegen 0.08/turn

%: no passive effects
@: lethally poisoned (0 -> -3)
A: demonic touch 1
a: Renounce Religion


You were on level 2 of the Dungeon.
You worshipped Xom.
You were a toy of Xom.
You visited 1 branch of the dungeon, and saw 2 of its levels.

You collected 22 gold pieces.

Inventory:

Hand Weapons
 a - a +0 trident
Missiles
 d - 3 throwing nets (quivered)
 e - a javelin
 i - 21 stones
 k - 5 poisoned darts
Armour
 b - a +0 leather armour (worn)
 c - a +0 helmet (worn)
 g - a +0 pair of boots (worn)
Magical Staves
 j - a staff of fire (weapon)
Jewellery
 h - a ring of ice (left hand)
Scrolls
 l - 2 scrolls of blinking {unknown}
Potions
 f - a potion of degeneration


   Skills:
 + Level 2.1 Fighting
 + Level 3.1 Polearms
 + Level 0.1(1.8) Staves
 + Level 2.0 Throwing
 + Level 0.6 Armour
 + Level 3.0 Dodging


You had one spell level left.
You didn't know any spells.
Your spell library was empty.

Dungeon Overview and Level Annotations

Branches:
Dungeon (2/15)

Altars:
Xom


Innate Abilities, Weirdness & Mutations

Your touch may inflict minor irresistible damage on your foes.


Message History

You hit the adder. Your touch misses the adder.
The adder is lightly wounded.
The adder bites you but does no damage.
You hit the adder. Your touch misses the adder.
The adder is heavily wounded.
The adder bites you. The adder bites you but does no damage.
You hit the adder.
The adder is almost dead.
The adder bites you but does no damage.
You miss the adder.
The adder is almost dead.
The adder barely misses you. The adder bites you.
You closely miss the adder.
The adder is almost dead.
The adder bites you.
You are poisoned.
The adder poisons you!
You miss the adder.
The adder is almost dead.
You feel sick. The adder bites you.
You are lethally poisoned!
The adder poisons you! The adder bites you.
* * * LOW HITPOINT WARNING * * *
You barely miss the adder. Your touch misses the adder.
The adder is almost dead.
* * * LOW HITPOINT WARNING * * *
You feel sick. The adder bites you but does no damage.
You hit the adder.
You kill the adder!
* * * LOW HITPOINT WARNING * * *
You feel sick.
You feel your strength returning.
Your Dodging skill increases to level 3!
* * * LOW HITPOINT WARNING * * *
You feel sick.
Things that are here:
a +0 dagger; a kobold corpse
There is a lethal amount of poison in your body!
You die...
Xom cackles wildly!

#.. ... ..
#####.####
......#..####
........<...#
....<.......#
###...))@..#
#........#
#..........#
###...........#
#........##..
########## #


There were no monsters in sight!

Vanquished Creatures
  An adder (D:2)
  2 hobgoblins (D:1)
  A quokka (D:1)
  2 bats (D:1)
  2 frilled lizards (D:1)
  4 goblins
  5 kobolds
17 creatures vanquished.

Notes
Turn   | Place    | Note
-------+----------+-------------------------------------------
     0 | D:1      | TheTpDoctor the Demonspawn Gladiator began the quest for
                  | the Orb.
     0 | D:1      | Reached XP level 1. HP: 16/16 MP: 1/1
   343 | D:1      | Found a faded altar of an unknown god.
   354 | D:1      | Gained mutation: Your touch may inflict minor irresistible
                  | damage on your foes. [demonic ancestry]
   354 | D:1      | Reached XP level 2. HP: 19/22 MP: 2/2
   422 | D:1      | Prayed at the altar of an unknown god.
   422 | D:1      | Became a worshipper of Xom of Chaos
   423 | D:1      | Fell from the grace of Xom
   424 | D:1      | Became a worshipper of Xom of Chaos
   523 | D:1      | XOM: silly message
  1036 | D:2      | HP: 1/22 [poisoned by an adder]
  1037 | D:2      | Succumbed to an adder's poison

Illustrated notes

Levels and vault maps discovered:
D:1:      denvon_arrival_planthouse, layout_basic,
          hellmonk_ecumenical_altar_arch_garden
D:2:      minmay_recursive_quarters, layout_rooms, basic_altar, serial_shops,
          shop, minmay_misc_feat_encased, minmay_misc_feat_four_crosses

Skill      XL: |  1  2 |
---------------+-------+-----
Polearms       | 3 |  3.1
Throwing       | 2 |  2.0
Dodging        | 3 |  3.0
Fighting       | |  2.1
Staves         | |  0.1
Armour         | |  0.6

Action                     || total
---------------------------++-------
  Melee: Trident           ||    20
         Staff             ||    29
         Touch             ||     5
 Invoke: Renounce Religion ||     1
    Use: Potion            ||     3
 Armour: Leather armour    ||    38
  Dodge: Dodged            ||    33

Table legend: (Time is in decaauts)
 A = Elapsed time spent in this place.
 B = Non-inter-level travel time spent in this place.
 C = Inter-level travel time spent in this place.
 D = Time resting spent in this place.
 E = Time spent auto-exploring this place.
 F = Levels seen in this place.
 G = Mean time per level.
                   A        B        C        D        E       F      G
               +--------+--------+--------+--------+--------+-----+--------+
         Total |   1042 |   1042 |      0 |     32 |      0 |   2 |  521.0 |
       Dungeon |   1042 |   1042 |      0 |     32 |      0 |   2 |  521.0 |
               +--------+--------+--------+--------+--------+-----+--------+

Top non-repeatable levels by time:
     D:1: 1024 daAuts
     D:2: 17 daAuts
